 Dungeon Crawl Stone Soup version 0.19-a0-1193-g2641e52 (webtiles) character file.

2370 inmateoo the Cleaver (level 9, -13/106 HPs)
             Began as a Minotaur Arcane Marksman on Aug 19, 2016.
             Mangled by a hill giant
             ... wielding a +0 giant spiked club
              (20 damage)
             ... on level 7 of the Dungeon.
             The game lasted 00:07:47 (7419 turns).

inmateoo the Cleaver (Minotaur Arcane Marksman)     Turns: 7419, Time: 00:07:48

Health: -13/106    AC: 14    Str: 23    XL:     9   Next: 21%
Magic:  17/17      EV: 10    Int: 10    God:
Gold:   434        SH:  0    Dex: 11    Spells: 1 memorised, 9 levels left

rFire  . . .     SeeInvis .     w - +0 war axe
rCold  . . .     Gourm    +     e - +2 chain mail {rN+}
rNeg   + . .     Faith    .     (no shield)
rPois  +         Spirit   .     (helmet restricted)
rElec  .         Dismiss  .     (no cloak)
rCorr  .         Reflect  .     B - +0 pair of gloves (curse)
MR     .....     Harm     .     s - +0 pair of boots
Stlth  ..........               t - amulet of the gourmand
                                (no ring)
                                j - ring of magical power

@: berserking, very quick
A: retaliatory headbutt, horns 2, blurry vision 1, frail 1, low mp 1, poison
resistance
a: no special abilities


You were on level 7 of the Dungeon.
You were not hungry.

You visited 1 branch of the dungeon, and saw 7 of its levels.

You collected 434 gold pieces.

Inventory:

Hand Weapons
 h - a +1 scimitar of flaming
 w - a +0 war axe (weapon)
Missiles
 c - 7 javelins (quivered)
 d - 2 throwing nets
Armour
 e - a +2 chain mail of positive energy (worn)
 s - a +0 pair of boots (worn)
 z - a storm dragon hide
 B - a cursed +0 pair of gloves (worn)
Jewellery
 j - a ring of magical power (left hand)
 t - an amulet of the gourmand (around neck)
 A - an uncursed amulet of guardian spirit {unknown}
Wands
 m - a wand of slowing (25/48)
 o - a wand of paralysis (24/24)
Scrolls
 g - 3 scrolls of identify
 i - a scroll of magic mapping
 l - 2 scrolls of fog
 n - 2 scrolls of blinking
 y - 2 scrolls of remove curse
 C - a scroll of enchant weapon {unknown}
Potions
 a - a potion of cancellation
 p - a potion of curing
 r - a potion of flight
 v - a potion of haste {unknown}
Books
 b - a book of Debilitation

   Spells                             Type                      Level
   a - Corona                         Hexes                        1
   b - Slow                           Hexes                        2
   c - Gell's Gravitas                Hexes/Translocation          3
   d - Inner Flame                    Hexes/Fire                   3
   e - Cause Fear                     Hexes                        4
   f - Leda's Liquefaction            Hexes/Earth                  4
 u - a book of Dreams

   Spells                             Type                      Level
   a - Ensorcelled Hibernation        Hexes/Ice                    2
   b - Silence                        Hexes/Air                    5
   c - Darkness                       Hexes                        6
   d - Shadow Creatures               Summoning                    6
Comestibles
 f - 3 bread rations
 k - 2 beef jerkies
 q - 3 meat rations


   Skills:
 + Level 7.4 Fighting
 * Level 9.9 Axes
 - Level 2.0 Throwing
 + Level 6.5 Armour
 + Level 4.3 Dodging
 - Level 1.0 Spellcasting
 - Level 2.0 Hexes


You had 9 spell levels left.
You knew the following spells:

 Your Spells              Type           Power        Failure   Level  Hunger
a - Corona                Hex            #......      92%         1    ##.....


Dungeon Overview and Level Annotations

Branches:
Dungeon (7/15)
 Temple: D:4-7

Altars:
Trog

Annotations:
D:3 Dirtsage's ghost, amateur DsMo


Innate Abilities, Weirdness & Mutations

You reflexively headbutt those who attack you in melee.
You have a pair of horns on your head.
Scrolls take you a little longer to read.
You are frail. (-10% HP)
Your magical capacity is low. (-10% MP)
Your system is resistant to poisons. (rPois)


Message History

The hill giant is lightly wounded.
The hill giant hits you with a giant spiked club!!
You hit the hill giant but do no damage.
The hill giant is lightly wounded.
You hit the hill giant. You headbutt the hill giant.
The hill giant is moderately wounded.
The hill giant hits you with a giant spiked club!!
* * * LOW HITPOINT WARNING * * *
You are too injured to fight recklessly!
You are too injured to fight recklessly!
Unknown command.
A red film seems to cover your vision as you go berserk!
You feel yourself moving faster!
You feel mighty! The hill giant barely misses you.
You slash the hill giant!
The hill giant is heavily wounded.
You slice the hill giant!! You headbutt the hill giant.
The hill giant is almost dead.
The hill giant hits you with a giant spiked club!!
You die...

#......#
#.....)#
#......#
#......#
#.[....#
#......#
#......#
#..@...#
#.C(.?.#
########


You could see a hill giant.

Vanquished Creatures
  A hill giant (D:6)
  The ghost of ximxim the Slasher, a novice HESk (D:5)
  A black bear (D:6)
  A phantom (D:5)
  An ice beast (D:6)
  2 sky beasts
  3 ogres
  8 wights (D:6)
  A howler monkey (D:4)
  3 crimson imps (D:5)
  A hound (D:5)
  A centaur skeleton (D:5)
  2 jellies
  An orc priest (D:3)
  A giant frog skeleton (D:5)
  An iguana (D:6)
  An orc wizard (D:3)
  A worker ant (D:4)
  A hound zombie (D:5)
  Robin (D:4)
  9 gnolls
  6 adders
  An ooze (D:5)
  An adder skeleton (D:6)
  3 worms (D:3)
  2 dart slugs (D:2)
  4 giant geckos
  11 orcs
  3 ball pythons
  9 giant cockroaches
  10 hobgoblins
  5 jackals
  4 quokkas
  6 bats
  A giant cockroach zombie (D:6)
  A giant gecko zombie (D:6)
  4 giant newts
  14 goblins
  6 kobolds
  4 rats
137 creatures vanquished.

Vanquished Creatures (others)
  A giant gecko (D:6)
1 creature vanquished.

Grand Total: 138 creatures vanquished

Notes
Turn   | Place    | Note
-------+----------+-------------------------------------------
     0 | D:1      | inmateoo the Minotaur Arcane Marksman began the quest for the Orb.
     0 | D:1      | Reached XP level 1. HP: 16/16 MP: 1/1
    24 | D:1      | Reached XP level 2. HP: 20/25 MP: 2/2
   101 | D:1      | Reached skill level 1 in Axes
   605 | D:2      | Reached XP level 3. HP: 31/31 MP: 3/3
   631 | D:2      | Reached skill level 2 in Axes
  1388 | D:2      | Reached skill level 1 in Armour
  1562 | D:3      | Reached XP level 4. HP: 38/38 MP: 4/4
  1567 | D:3      | Noticed Dirtsage's ghost (amateur DsMo)
  1668 | D:3      | Reached skill level 3 in Axes
  2111 | D:3      | Reached XP level 5. HP: 35/46 MP: 5/5
  2158 | D:3      | Reached skill level 4 in Axes
  3432 | D:4      | Noticed Robin
  3438 | D:4      | Killed Robin
  3809 | D:4      | Reached XP level 6. HP: 32/52 MP: 6/6
  4094 | D:5      | Entered Level 5 of the Dungeon
  4131 | D:5      | Reached skill level 5 in Axes
  4597 | D:5      | Noticed ximxim's ghost (novice HESk)
  4614 | D:5      | Killed ximxim's ghost
  4614 | D:5      | Reached skill level 5 in Fighting
  4614 | D:5      | Reached skill level 6 in Axes
  4614 | D:5      | Reached XP level 7. HP: 46/61 MP: 7/7
  4912 | D:5      | Reached skill level 7 in Axes
  5225 | D:5      | Reached skill level 5 in Armour
  5225 | D:5      | Reached XP level 8. HP: 36/70 MP: 8/8
  5694 | D:6      | Noticed a hill giant
  5704 | D:6      | Killed a hill giant
  5704 | D:6      | Reached skill level 8 in Axes
  6082 | D:5      | Reached skill level 9 in Axes
  6359 | D:6      | Reached XP level 9. HP: 33/79 MP: 9/9
  7060 | D:6      | Found a bloodstained altar of Trog.
  7378 | D:7      | Noticed a hill giant
  7396 | D:6      | Gained mutation: You are clumsy. (Dex -2) [mutagenic meat]
  7399 | D:6      | Lost mutation: You are clumsy. (Dex -2) [mutagenic meat]
  7402 | D:6      | Gained mutation: You are frail. (-10% HP) [mutagenic meat]
  7405 | D:6      | Gained mutation: Your system is resistant to poisons. (rPois) [mutagenic meat]
  7408 | D:6      | Gained mutation: Your magical capacity is low. (-10% MP) [mutagenic meat]
  7411 | D:6      | Gained mutation: Scrolls take you a little longer to read. [mutagenic meat]
  7419 | D:7      | Mangled by a hill giant

Vault maps used:
D:1:      evilmike_arrival_crescent, item_on_display_a
D:2:      minmay_pentomino_x2
D:3:      hangedman_decor_points
D:4:      first_bread, uniq_robin
D:6:      basic_altar, lemuel_flamethrower_2
D:7:      uniq_menkaure

Skill      XL: |  1  2  3  4  5  6  7  8 |
---------------+-------------------------+-----
Fighting       | 2 3 4 5 6 7 |  7.4
Axes           | 1 2 3 4 6 7 9 |  9.9
Armour         | 1 2 4 5 6 |  6.5
Dodging        | 4 |  4.3
Throwing       | |  2.0
Spellcasting   | |  1.0
Hexes          | |  2.0

Action                   |  1- 3 |  4- 6 |  7- 9 || total
-------------------------+-------+-------+-------++-------
Melee: Hand axe          |   108 |   179 |       ||   287
       Headbutt          |    13 |    23 |    43 ||    79
       War axe           |       |    32 |   196 ||   228
  Use: Scroll            |       |    11 |     4 ||    15
       Potion            |       |       |     1 ||     1
  Eat: Chunk             |     1 |     9 |    13 ||    23
       Royal jelly       |       |       |     1 ||     1
       Beef jerky        |       |       |     2 ||     2
Armor: Plate armour      |    94 |   163 |    65 ||   322
       Robe              |     2 |       |       ||     2
       Chain mail        |       |       |    61 ||    61
Dodge: Dodged            |    36 |    68 |    66 ||   170
